 Dungeon Crawl Stone Soup version 0.17.2-1-ge4368a0 (webtiles) character file.

80 Goblin1989 the Cudgeler (level 4, -1/35 HPs)
             Began as a Demonspawn Fighter on Sept 7, 2016.
             Killed from afar by an orc wizard (8 damage)
             ... with a puff of flame
             ... on level 3 of the Dungeon.
             The game lasted 00:06:00 (1984 turns).

Goblin1989 the Cudgeler (Demonspawn Fighter)        Turns: 1984, Time: 00:06:01

Health: -1/35      AC: 10    Str: 17    XL:     4   Next: 18%
Magic:  0/4        EV:  8    Int:  9    God:
Gold:   84         SH:  8    Dex: 13    Spells: 0 memorised, 3 levels left

rFire  . . .     SeeInvis .     a - +0 flail
rCold  . . .     Clarity  .     b - +0 scale mail
rNeg   + . .     SustAt   .     c - +0 shield
rPois  .         Gourm    .     q - +0 helmet
rElec  .         Spirit   +     y - +2 cloak
rCorr  .         Warding  +     (no gloves)
rMut   .         Stasis   .     (no boots)
MR     .....                    m - amulet of warding
Stlth  +.........               (no ring)
                                (no ring)

@: not resistant to hostile enchantments, very unstealthy
A: repulsion field 1, nightstalker 1, magic shield
a: no special abilities


You were on level 3 of the Dungeon.
You were not hungry.

You visited 1 branch of the dungeon, and saw 3 of its levels.

You collected 84 gold pieces.

Inventory:

Hand Weapons
 a - a +0 flail (weapon)
Armour
 b - a +0 scale mail (worn)
 c - a +0 shield (worn)
 q - a +0 helmet (worn)
 y - a +2 cloak (worn)
Jewellery
 m - an amulet of warding (around neck)
Scrolls
 i - 6 scrolls of remove curse {unknown}
 k - 6 scrolls of identify {unknown}
 n - a scroll of teleportation {unknown}
 o - a scroll of enchant weapon {unknown}
 r - 2 scrolls of fog {unknown}
 u - a scroll of recharging {unknown}
 w - a scroll of noise {unknown}
 z - a scroll of enchant armour {unknown}
Potions
 d - a potion of might
 f - a potion of brilliance {unknown}
 h - 2 potions of haste {unknown}
 p - 2 potions of mutation {unknown}
 s - 2 potions of degeneration {unknown}
 t - 2 potions of lignification {unknown}
 v - a potion of invisibility {unknown}
 x - 2 potions of poison {unknown}
Comestibles
 e - 3 bread rations
 g - 2 slices of pizza
 j - 4 fruits
 l - a beef jerky


   Skills:
 - Level 3.0 Fighting
 + Level 4.1 Maces & Flails
 - Level 2.6 Armour
 - Level 2.6 Shields


You had 3 spell levels left.
You didn't know any spells.

Dungeon Overview and Level Annotations

Branches:
Dungeon (3/15)

Altars:
Nemelex Xobeh
Qazlal
Xom
Zin

Annotations:
D:2 Ijyb


Innate Abilities, Weirdness & Mutations

You are surrounded by a mild repulsion field (EV +2).
You are slightly more attuned to the shadows.
When hurt, damage is shared between your health and your magic reserves.


Message History

The orc wizard is moderately wounded.
The orc wizard gestures at you while chanting.
The magic dart hits you!
* * * LOW HITPOINT WARNING * * *
The orc wizard barely misses you.
You take 1 damage, and have 10/35 hp.
You hit the orc wizard but do no damage.
The orc wizard is lightly wounded.
The orc wizard hits you but does no damage.
You block the orc wizard's attack.
Your shield prevents you from hitting the orc wizard.
The orc wizard is lightly wounded.
You block the orc wizard's attack. The orc wizard hits you with a dagger.
* * * LOW HITPOINT WARNING * * *
You take 3 damage, and have 7/35 hp.
You now have 2/4 mp.
You closely miss the orc wizard.
The orc wizard is lightly wounded.
The orc wizard casts a spell at you. The puff of flame hits you!
You die...

.#...#.##.#..##....
.#...#.##.#..# .....
.............##........
.............##........
.#.#...#.....##........
.#.#.(.#.....##......(.
.#...........##........
.###...#..#..##.)).....
##_##.........#.@o.....
###[##..#.#.....)######
.#.#.##.#.##.#####
..##.##...##.##
###.##........# ##.##
...(....#
#)#######.##..# .##..
..> ...# .#.# ... #...#


You could see an orc wizard.

Vanquished Creatures
  An ooze (D:3)
  2 worms
  6 giant geckos
  9 orcs (D:3)
  9 bats
  A giant cockroach (D:2)
  4 hobgoblins
  2 jackals (D:1)
  3 kobolds
  4 giant newts
  6 goblins
  10 rats
57 creatures vanquished.

Notes
Turn   | Place    | Note
--------------------------------------------------------------
     0 | D:1      | Goblin1989 the Demonspawn Fighter began the quest for the Orb.
     0 | D:1      | Reached XP level 1. HP: 18/18 MP: 1/1
   152 | D:1      | Gained mutation: You are surrounded by a mild repulsion field (EV +2). [demonic ancestry]
   152 | D:1      | Reached XP level 2. HP: 13/24 MP: 2/2
   708 | D:2      | Found a glowing silver altar of Zin.
   708 | D:2      | Noticed an angel
   712 | D:2      | Found a shimmering altar of Xom.
   926 | D:2      | Gained mutation: You are slightly more attuned to the shadows. [demonic ancestry]
   926 | D:2      | Reached XP level 3. HP: 20/29 MP: 3/3
  1072 | D:2      | Found a stormy altar of Qazlal.
  1173 | D:2      | Noticed Ijyb
  1465 | D:3      | Found a sparkling altar of Nemelex Xobeh.
  1747 | D:3      | Gained mutation: When hurt, damage is shared between your health and your magic reserves. [demonic ancestry]
  1747 | D:3      | Reached XP level 4. HP: 27/35 MP: 4/4
  1931 | D:3      | Reached skill level 4 in Maces & Flails
  1984 | D:3      | Killed from afar by an orc wizard

Action                   |  1- 3 |  4- 6 || total
-------------------------+-------+-------++-------
Melee: Flail             |   181 |    53 ||   234
  Eat: Meat ration       |     1 |       ||     1
       Chunk             |     1 |       ||     1
